 Dungeon Crawl Stone Soup version 0.29.1-12-g30fa7ad0bf (webtiles) character file.

Game seed: 6304215197051216698

59 Legno the Chopper (level 3, -3/31 HPs)
             Began as a Minotaur Berserker on Dec 13, 2022.
             Was a Believer of Trog.
             Killed by divine providence
             ... invoked by an orc priest
              (13 damage)
             ... on level 3 of the Dungeon.
             The game lasted 00:08:53 (2790 turns).

Legno the Chopper (Minotaur Berserker)              Turns: 2790, Time: 00:08:54

Health: -3/31      AC:  6    Str: 23    XL:     3   Next: 78%
Magic:  2/2        EV: 11    Int:  4    God:    Trog [**....]
Gold:   54         SH:  0    Dex:  9    Spells: 2/2 levels left

rFire   . . .      SeeInvis .   a - +0 hand axe
rCold   . . .      Faith    .   (no shield)
rNeg    . . .      Spirit   .   g - +0 ring mail
rPois   .          Reflect  .   l - +0 hat
rElec   .          Harm     .   (no cloak)
rCorr   .          Rampage  .   e - +0 pair of gloves
Will    .....                   (no boots)
Stlth   ..........              (no amulet)
HPRegen 0.10/turn               (no ring)
MPRegen 0.08/turn               (no ring)

@: confused, on berserk cooldown, hasted and slowed
A: horns 2, retaliatory headbutt
a: Renounce Religion, Berserk, Trog's Hand


You were on level 3 of the Dungeon.
You worshipped Trog.
Trog was pleased with you.
You visited 1 branch of the dungeon, and saw 3 of its levels.

You collected 54 gold pieces.

Inventory:

Hand Weapons
 a - a +0 hand axe (weapon)
Armour
 e - a +0 pair of gloves (worn)
 g - a +0 ring mail (worn)
 l - a +0 hat (worn)
Scrolls
 c - 2 scrolls of identify
 d - a scroll of enchant weapon
 j - 3 scrolls of magic mapping


   Skills:
 - Level 3.6 Fighting
 + Level 5.8 Axes
 - Level 2.4 Armour
 - Level 2.1 Dodging


You had 2 spell levels left.
You didn't know any spells.
Your spell library was empty.

Dungeon Overview and Level Annotations

Branches:
Dungeon (3/15)

Altars:


Innate Abilities, Weirdness & Mutations

You have a pair of horns on your head.
You reflexively headbutt those who attack you in melee.


Message History

Trog accepts your kill.
You barely miss something.
You hear some strange, mumbled words.
You are confused.
You bump into the rock wall.
You bump into the rock wall.
You feel a strong urge to attack something.
Something hits you but does no damage.
You bump into the rock wall.
You hear some strange, mumbled words.
You are more confused.
You closely miss something. Your headbutt misses something.
You bump into the rock wall.
You are no longer berserk.
You are exhausted.
You feel yourself slow down. Something hits you.
An orc priest comes into view. It is wielding a +0 dagger.
You bump into the rock wall.
The orc priest shouts!
Something hits you but does no damage. Something hits you.
You bump into the rock wall.
Something hits you.
You bump into the rock wall.
Something hits you but does no damage.
You hear some strange, mumbled words.
A puff of flame appears from out of thin air!
The puff of flame misses you.
The orc priest begins to cast a cantrip, but forgets the words!
You bump into the rock wall.
The orc priest hits you with a +0 dagger.
You hear some strange, mumbled words.
You are more confused.
You bump into the rock wall.
Something hits you.
The orc priest hits you with a +0 dagger.
Something hits you but does no damage.
The orc priest hits you with a +0 dagger.
Okay, then.
It was a potion of haste.
You feel yourself speed up. Something hits you but does no damage.
The orc priest invokes the aid of Beogh against you.
Beogh smites you!
You die...

#.########
#........#
########.#
#<#
#####.##
#@{....#
#o###.##
...# ###
###.# #.#
... #.#
..#


You could see an orc priest.

Vanquished Creatures
  2 worms (D:2)
  A dart slug (D:2)
  2 orcs (D:3)
  5 ball pythons
  7 endoplasms
  4 hobgoblins
  4 jackals (D:1)
  4 quokkas
  3 bats
  4 frilled lizards (D:1)
  2 goblins
  4 kobolds
  4 rats (D:1)
46 creatures vanquished.

Notes
Turn   | Place    | Note
-------+----------+-------------------------------------------
     0 | D:1      | Legno the Minotaur Berserker began the quest for the Orb.
     0 | D:1      | Reached XP level 1. HP: 19/19 MP: 0/0
   103 | D:1      | Reached skill level 4 in Axes
   211 | D:1      | Reached XP level 2. HP: 20/26 MP: 1/1
  1109 | D:1      | Reached skill level 5 in Axes
  1155 | D:1      | Reached XP level 3. HP: 31/31 MP: 2/2
  1351 | D:1      | Reached ** piety under Trog
  1408 | D:1      | Found a faded altar of an unknown god.
  2790 | D:3      | Killed from afar by an orc priest

Illustrated notes

Levels and vault maps discovered:
D:1:      dpeg_arrival_another_circle, layout_loops_corners,
          ebering_ecumenical_altar_mist
D:2:      layout_loops_corners
D:3:      layout_loops_ring

Skill      XL: |  1  2 |
---------------+-------+-----
Axes           | 4 5 |  5.8
Fighting       | |  3.6
Armour         | |  2.4
Dodging        | |  2.1

Action                   || total
-------------------------++-------
Melee: Hand axe          ||   117
       Headbutt          ||     9
Invok: Berserk           ||     2
  Use: Scroll            ||     4
       Potion            ||     1
 Stab: Sleeping          ||     1
Armor: Animal skin       ||    13
       Ring mail         ||    18
Dodge: Dodged            ||    67
